 Dungeon Crawl Stone Soup version 0.20.1-1-g8b1a95d (webtiles) character file.

28 tybrzann the Grave Robber (level 2, -2/19 HPs)
             Began as a Demonspawn Necromancer on Sept 12, 2017.
             Slain by a gnoll
             ... wielding a +0 spear
              (5 damage)
             ... on level 2 of the Dungeon.
             The game lasted 00:03:57 (888 turns).

tybrzann the Grave Robber (Demonspawn Necromancer)   Turns: 888, Time: 00:03:58

Health: -2/19      AC:  2    Str:  8    XL:     2   Next: 96%
Magic:  0/5        EV: 12    Int: 16    God:
Gold:   79         SH:  0    Dex: 13    Spells: 3/5 levels left

rFire    . . .     SeeInvis .   j - +0 short sword
rCold    . . .     Gourm    .   (no shield)
rNeg     . . .     Faith    .   a - +0 robe
rPois    .         Spirit   .   (no helmet)
rElec    .         Reflect  .   (no cloak)
rCorr    .         Harm     .   (no gloves)
MR       .....                  (no boots)
Stlth    ++........             (no amulet)
Regen    0.1/turn               (no ring)
MPRegen  0.1/turn               (no ring)

@: no status effects
A: claws 1
a: no special abilities


You were on level 2 of the Dungeon.
You were not hungry.

You visited 1 branch of the dungeon, and saw 2 of its levels.

You collected 79 gold pieces.

Inventory:

Hand Weapons
 j - a +0 short sword (weapon)
Armour
 a - a +0 robe (worn)
Scrolls
 i - 3 scrolls of identify {unknown}
 m - 3 scrolls of immolation {unknown}
Potions
 d - a potion of heal wounds {unknown}
 e - a potion of degeneration {unknown}
 k - 2 potions of agility {unknown}
 l - a potion of resistance {unknown}
Books
 b - a book of Necromancy

   Spells                             Type                      Level
   a - Pain                           Necromancy                   1
   b - Animate Skeleton               Necromancy                   1
   c - Vampiric Draining              Necromancy                   3
   d - Regeneration                   Charms/Necromancy            3
   e - Animate Dead                   Necromancy                   4
   f - Control Undead                 Necromancy                   4
Comestibles
 c - a bread ration
 f - 2 royal jellies
 g - 2 meat rations


   Skills:
 - Level 1.8 Dodging
 - Level 1.7 Stealth
 - Level 2.2 Spellcasting
 + Level 5.2 Necromancy


You had 3 spell levels left.
You knew the following spells:

 Your Spells              Type           Power        Failure   Level  Hunger
a - Pain                  Necr           ###.         2%          1    #......
b - Animate Skeleton      Necr           N/A          2%          1    #......


Dungeon Overview and Level Annotations

Branches:
Dungeon (2/15)

Altars:


Innate Abilities, Weirdness & Mutations

You have sharp fingernails.


Message History

Confirm with . or Enter, or press ? or * to list all spells.
Aiming: Pain
Press: ? - help, Shift-Dir - straight line, f/p - gnoll
Aim: a gnoll, wielding a flail (moderately wounded, chance to defeat MR: 84%)
The gnoll writhes in agony!
The gnoll barely misses you.
A frilled lizard comes into view.
The frilled lizard hisses angrily.
You hit the gnoll.
The gnoll is heavily wounded.
Casting: Pain
Confirm with . or Enter, or press ? or * to list all spells.
Aiming: Pain
Press: ? - help, Shift-Dir - straight line, f/p - gnoll
Aim: a gnoll, wielding a flail (heavily wounded, chance to defeat MR: 84%)
The gnoll writhes in agony!
The gnoll hits you with a flail. The gnoll closely misses you.
The gnoll hits you with a flail!
* * * LOW HITPOINT WARNING * * *
The gnoll hits you from afar with a spear.
You die...

.<..... #...... .......
###..... .......
#####.#....... .......
.....#.##....#. ....<†.
.....# ##...... ....w..
.....# #.....#.
#...#####....#.#.#.....
#..ggg.##....#...##....
#.#.g.@...#..#..#......
#..........#.........
#....................
#.#..................
#................#...
#....................
#...#######.#####..<.
..... #.# #.... .#.(.
#.# ##...


You could see a worm and 4 gnolls.

Vanquished Creatures
  An adder (D:2)
  2 leopard geckos (D:1)
  3 bats (D:1)
  3 goblins (D:1)
  2 kobolds (D:1)
  2 frilled lizards (D:1)
  6 rats
19 creatures vanquished.

Notes
Turn   | Place    | Note
-------+----------+-------------------------------------------
     0 | D:1      | tybrzann the Demonspawn Necromancer began the quest for the Orb.
     0 | D:1      | Reached XP level 1. HP: 13/13 MP: 3/3
   152 | D:1      | Gained mutation: You have sharp fingernails. [demonic ancestry]
   152 | D:1      | Reached XP level 2. HP: 13/19 MP: 3/5
   186 | D:1      | Learned a level 1 spell: Animate Skeleton
   488 | D:1      | Reached skill level 5 in Necromancy
   888 | D:2      | Slain by a gnoll

Skill      XL: |  1  2 |
---------------+-------+-----
Necromancy     | 5 |  5.2
Dodging        | |  1.8
Stealth        | |  1.7
Spellcasting   | |  2.2

Action                   || total
-------------------------++-------
Melee: Unarmed           ||     8
       Short sword       ||     7
 Cast: Pain              ||    22
 Stab: Sleeping          ||     1
Armor: Robe              ||     4
Dodge: Dodged            ||    10
